 Dungeon Crawl Stone Soup version 0.30.0-19-g36f170ea60 (webtiles) character file.

Game seed: 12332935856525903627

25 hawla the Gusty (level 3, -3/26 HPs)
             Began as a Meteoran Air Elementalist on May 29, 2023.
             Slain by a black bear (4 damage)
             ... on level 4 of the Dungeon.
             The game lasted 00:02:32 (379 turns).

hawla the Gusty (Meteoran Air Elementalist)          Turns: 379, Time: 00:02:33

Health: -3/26      AC:  2    Str: 10    XL:     3   Next: 38%
Magic:  2/8        EV: 12    Int: 18    God:
Gold:   46         SH:  0    Dex: 14    Spells: 5/8 levels left

rFire   . . .        e - +0 flail
rCold   . . .        (no shield)
rNeg    . . .        a - +0 robe
rPois   .            (no helmet)
rElec   .            (no cloak)
rCorr   .            (no gloves)
SInv    .            (no boots)
Will    .....        (no amulet)
Stlth   +            (no ring)
HPRegen 0.24/turn    (no ring)
MPRegen 0.11/turn

%: no passive effects
@: glowing
A: sense surroundings 1, otherworldly, glowing, explore regen
a: no special abilities


You were on level 4 of the Dungeon.
You visited 1 branch of the dungeon, and saw 4 of its levels.

You collected 46 gold pieces.

Inventory:

Hand Weapons
 e - a +0 flail (weapon)
Armour
 a - a +0 robe (worn)
Scrolls
 c - a scroll of blinking {unknown}
 d - a scroll of identify
Potions
 b - a potion of magic


   Skills:
 + Level 2.8 Dodging
 - Level 1.4 Stealth
 + Level 3.1 Spellcasting
 + Level 1.6 Conjurations
 + Level 4.3 Air Magic


You had 5 spell levels left.
You knew the following spells:

 Your Spells              Type           Power      Damage    Failure   Level
a - Shock                 Conj/Air       52%        1d6       4%          1
b - Static Discharge      Conj/Air       26%        2-4/arc   7%          2

Your spell library contained the following spells:

 Spells                   Type           Power      Damage    Failure   Level
 Swiftness                Air            18%        N/A       9%          3
 Airstrike                Air            9%         2d(2-18)  26%         4
 Chain Lightning          Conj/Air       6%         3d8       100%        9
 Fire Storm               Conj/Fire      2%         8d1       100%        9
 Shatter                  Erth           1%         3d5*      100%        9


Dungeon Overview and Level Annotations

Branches:
Dungeon (4/15) Zot: 2021
 Temple: D:4-7

Altars:


Innate Abilities, Weirdness & Mutations

You passively map a small area around you.
You are easily found by Zot.
You glow in the dark.
You regain HP and MP as you explore.


Message History

The lightning grounds out.
The orc wizard is struck by an arc of lightning.
The orc wizard is almost dead.
You are struck by an arc of lightning.
The orc is struck by an arc of lightning.
You kill the orc!
The lightning grounds out.
A ball python comes into view.
The orc wizard hits you with a +0 dagger.
Unknown command.
The orc wizard hits you with a +0 dagger.
You see here a +0 flail.
e - a +0 flail (weapon)
Setting a skill training target for Maces & Flails at 14.0.
You hit the black bear.
The black bear is moderately wounded.
The black bear bites you. The black bear barely misses you. x2
The orc wizard barely misses you. The ball python misses you.
The ball python barely misses you.
You barely miss the black bear.
The black bear is moderately wounded.
The black bear bites you. The black bear claws you.
The black bear completely misses you.
The orc wizard hits you but does no damage.
The ball python barely misses you. The ball python grabs you.
The ball python constricts you. The black bear bites you.
* * * LOW HITPOINT WARNING * * *
The black bear claws you.
* * * LOW HITPOINT WARNING * * *
The black bear claws you.
* * * LOW HITPOINT WARNING * * *
The orc wizard mumbles some strange words.
The orc wizard flickers and vanishes!
Deactivating autopickup; reactivate with Ctrl-A.
Unknown command.
Okay, then.
You escape the ball python's grasp.
The black bear attacks as you move away!
The black bear bites you.
You die...

, * , * * ** *
*, ### * ,*,#..
, * , ..## * **
, < #..## ## ,
###...# * , ,
.. #oh@# , ,, ,
#.#.#.###)#{S#*
,
#......<..#..#*
######.####..#,
, ... ,,....,,,
#..o *####.
#... **.. ,
#..., , ,, .# ,
, #... ,


You could see a black bear, an orc and a ball python.

Vanquished Creatures
  An adder (D:2)
  A worm (D:3)
  2 orcs (D:4)
  2 endoplasms
  A hobgoblin (D:2)
  2 kobolds (D:2)
  3 ball pythons (D:2)
12 creatures vanquished.

Notes
Turn   | Place    | Note
-------+----------+-------------------------------------------
     0 | D:1      | hawla the Meteoran Air Elementalist began the quest for the
                  | Orb.
     0 | D:1      | Reached XP level 1. HP: 14/14 MP: 5/5
    65 | D:2      | Reached skill level 4 in Air Magic
    65 | D:2      | Reached XP level 2. HP: 4/20 MP: 0/7
    73 | D:2      | Learned a level 2 spell: Static Discharge
   139 | D:2      | Reached XP level 3. HP: 26/26 MP: 3/8
   366 | D:4      | Noticed a black bear
   378 | D:4      | HP: 1/26 [black bear (5)]
   379 | D:4      | Slain by a black bear

Illustrated notes

Levels and vault maps discovered:
D:1:      evilmike_arrival_plus, layout_basic, nrook_uturn, chequers_jeans,
          nicolae_concentric_dashed_squares_mild
D:2:      layout_loops_corners, basic_altar
D:3:      layout_loops_corners, gammafunk_ghost_split, minmay_quantized
D:4:      layout_basic, serial_shops, shop, kennysheep_big_empty_room,
          fountainhead, uniq_sigmund

Skill      XL: |  1 |
---------------+----+-----
Spellcasting   | 3 |  3.1
Air Magic      | 4 |  4.3
Dodging        | |  2.8
Stealth        | |  1.4
Conjurations   | |  1.6

Action                     || total
---------------------------++-------
  Melee: Unarmed           ||     7
         Flail             ||     2
   Cast: Shock             ||    21
         Static Discharge  ||     6
    Use: Scroll            ||     2
 Armour: Robe              ||     1
  Dodge: Dodged            ||    21
